 Dungeon Crawl Stone Soup version 0.29.1-2-gbd0b4ee654 (webtiles) character file.

Game seed: 10637008077080433069

12704 sanboga the Cleaver (level 11, -15/91 HPs)
             Began as a Minotaur Monk on Nov 16, 2022.
             Was an Elder of Hepliaklqana.
             Killed from afar by a fire dragon (31 damage)
             ... with a blast of flame
             ... on level 11 of the Dungeon on Nov 17, 2022.
             The game lasted 00:21:14 (14996 turns).

sanboga the Cleaver (Minotaur Monk)                Turns: 14996, Time: 00:21:14

Health: -15/91     AC: 21    Str: 20    XL:     11   Next: 65%
Magic:  0/10       EV: 11    Int:  7    God:    Hepliaklqana [****..]
Gold:   339        SH:  0    Dex: 13    Spells: 10/10 levels left

rFire   . . .      SeeInvis .   g - +0 executioner's axe (venom)
rCold   . . .      Faith    .   (shield currently unavailable)
rNeg    . . .      Spirit   +   f - +4 plate armour
rPois   +          Reflect  .   (helmet restricted)
rElec   .          Harm     .   b - +0 cloak
rCorr   .          Rampage  .   (no gloves)
Will    .....                   k - +0 pair of boots
Stlth   ..........              B - amulet of guardian spirit
HPRegen 0.25/turn               d - ring of poison resistance
MPRegen 0.12/turn               w - +4 ring of evasion

@: no status effects
A: reduced essence, horns 2, retaliatory headbutt
a: Renounce Religion, Recall Ancestor, Ancestor Identity, Transference, Idealise


You were on level 11 of the Dungeon.
You worshipped Hepliaklqana.
Hepliaklqana was greatly pleased with you.
You visited 2 branches of the dungeon, and saw 14 of its levels.

You collected 975 gold pieces.
You spent 636 gold pieces at shops.

Inventory:

Hand Weapons
 a - a +0 hand axe of chaos
 g - a +0 executioner's axe of venom (weapon)
Armour
 b - a +0 cloak (worn)
 f - a +4 plate armour (worn)
 i - the +1 buckler of the Tuna {Harm Drain rN+ Dex+4}
   (You found it on level 5 of the Dungeon)

   Dex:       It affects your dexterity (+4).
   rN:        It protects you from negative energy.
   Drain:     It drains your maximum health when unequipped.
   Harm:      It increases damage dealt and taken.
 k - a +0 pair of boots (worn)
Jewellery
 d - a ring of poison resistance (left hand)
 s - a ring of protection from fire
 t - a ring of protection from cold
 w - a +4 ring of evasion (right hand)
 B - an amulet of guardian spirit (around neck)
Wands
 l - a wand of digging (8)
 n - a wand of mindburst (9)
 v - a wand of polymorph (11)
 z - a wand of charming (6)
Scrolls
 e - a scroll of teleportation
 j - 2 scrolls of enchant armour
 m - 2 scrolls of poison
 o - 2 scrolls of magic mapping
 r - a scroll of brand weapon
 u - 2 scrolls of fog
 C - a scroll of summoning
Potions
 c - 6 potions of ambrosia
 h - 3 potions of haste
 x - 2 potions of flight
 A - 2 potions of mutation
 D - a potion of cancellation
 E - a potion of curing


   Skills:
 + Level 11.0 Fighting
 * Level 14.9 Axes
 + Level 10.4 Armour
 - Level 3.2 Dodging
 - Level 1.5 Stealth
 + Level 8.7 Shields


You had 10 spell levels left.
You didn't know any spells.
Your spell library contained the following spells:

 Spells                   Type           Power      Damage    Failure   Level
 Apportation              Tloc           0%         N/A       100%        1
 Necrotise                Necr           0%         1d4       100%        1
 Summon Small Mammal      Summ           0%         N/A       100%        1
 Call Canine Familiar     Summ           0%         N/A       100%        3
 Frozen Ramparts          Ice            0%         1d1       100%        3
 Portal Projectile        Hex/Tloc       0%         N/A       100%        3
 Ice Form                 Ice/Tmut       0%         N/A       100%        4
 Leda's Liquefaction      Hex/Erth       0%         N/A       100%        4
 Petrify                  Tmut/Erth      0%         N/A       100%        4
 Summon Ice Beast         Ice/Summ       0%         N/A       100%        4
 Metabolic Englaciation   Hex/Ice        0%         N/A       100%        5
 Summon Mana Viper        Hex/Summ       0%         N/A       100%        5
 Statue Form              Tmut/Erth      0%         N/A       100%        6
 Monstrous Menagerie      Summ           0%         N/A       100%        7


Dungeon Overview and Level Annotations

Branches:
Dungeon (13/15)            Temple (1/1) D:6            Lair (0/5) D:10
    Orc (0/2) D:9
 Vaults: D:13-14

Altars:
Ashenzari
Cheibriados
Dithmenos
Elyvilon
Fedhas
Gozag
Hepliaklqana
Kikubaaqudgha
Makhleb
Nemelex Xobeh
Okawaru
Qazlal
Ru
Sif Muna
Trog
Uskayaw
Vehumet
Wu Jian
Xom
Yredelemnul
Zin
The Shining One

Shops:
D:2 :[=   D:10 ?   D:11 =

Annotations:
D:11 3 runed translucent doors, snek11's ghost, journeyman DECj
D:12 Erolcha


Innate Abilities, Weirdness & Mutations

Your life essence is reduced to manifest your ancestor. (-10% HP)
You have a pair of horns on your head.
You reflexively headbutt those who attack you in melee.


Message History

You hear some strange, mumbled words.
You suddenly lose the ability to move!
Your surroundings suddenly seem different.
Erolcha the Cunning comes into view.
She is wielding a +8 giant spiked club.
Found 6 gold pieces.
Found two stone staircases leading up.
Erolcha shouts!
A troll comes into view.
Erolcha mumbles some strange words.
Erolcha blinks!
You can move again.
You see here 6 gold pieces.
Found 2 potions of attraction.
Arnold Palmer has departed this plane of existence.
There is a stone staircase leading up here.
You climb upwards.
Level annotation: 3 runed translucent doors, snek11's ghost, journeyman DECj The howler monkey howls!
The fire dragon roars deafeningly!
The cyan ugly thing gurgles horribly!
The cyclops shouts!
Reactivating autopickup.
You hear a roar!
You hear two shouts!
You hear a shout!
Something hits you!
* * * LOW HITPOINT WARNING * * *
Deactivating autopickup; reactivate with Ctrl-A.
A two-headed ogre comes into view. It is wielding two +0 giant clubs.
The fire dragon barely misses you. The fire dragon closely misses you.
The fire dragon barely misses you.
The howler monkey hoots and howls with incredible vigour!
You hear a roar!
You hear a shout!
You hear an angry buzzing noise.
Found 31 gold pieces and a scroll of identify.
There is a stone staircase leading down here.
There are monsters nearby!
You completely miss the fire dragon.
You headbutt the fire dragon, but do no damage.
You slash the cyan ugly thing!
The cyan ugly thing is poisoned.
You barely miss the howler monkey. You hit something but do no damage.
Something barely misses you. Something hits you.
* * * LOW HITPOINT WARNING * * *
The fire dragon breathes flames at you. The blast of flame hits you!!
You die...

......#
#.........+
......###
####......+
........#
###....+
......###
##....#
.....##
#.....#
.....#
######
##..!...
..).##
##.≈..##
#.#.....
.))##
##...h..##
#.......
##†.#
#..#D@#.$#
##......
#).#
#..#u{#..#
##....#
#..###
##≈.....##
##..##
#....#
##..≈$##
#....
##....##
O#####
#....
.......# C.
##....
...=...##
## #.....
........#
#.....
........##
##....


You could see a fire dragon (catching breath), a cyan ugly thing (very
poisoned), a two-headed ogre, a cyclops and a howler monkey (catching breath).

Vanquished Creatures
  A boulder beetle (D:12)
  A two-headed ogre (D:10)
  An ugly thing (D:13)
  A slime creature (D:12)
  A komodo dragon (D:10)
  A hornet (D:7)
  A queen bee (D:10)
  A wyvern (D:8)
  A wraith (D:10)
  Eustachio (D:4)
  A vampire mosquito (D:11)
  A water moccasin (D:8)
  Duvessa (D:5)
  An orc warrior (D:11)
  2 ice beasts (D:4)
  2 black bears
  2 ogres
  5 centaurs
  2 phantoms (D:5)
  A kobold brigand (D:9)
  A necrophage (D:5)
  3 scorpions
  9 wights (D:8)
  Dowan (D:5)
  30 killer bees
  An electric eel (D:6)
  A howler monkey (D:7)
  4 orc priests
  Crazy Yiuf (D:2)
  4 jellies (D:5)
  An iguana (D:6)
  Ijyb (D:4)
  5 orc wizards
  9 gnolls
  4 adders (D:2)
  2 white imps
  3 ufetubi
  2 worms
  A dart slug (D:1)
  16 orcs
  4 ball pythons
  4 bats
  5 endoplasms
  4 giant cockroaches
  22 goblins
  25 hobgoblins
  7 jackals
  2 quokkas
  4 frilled lizards
  13 kobolds
  7 rats
224 creatures vanquished.

Vanquished Creatures (collateral kills)
  A two-headed ogre (D:11)
  2 ugly things
  A troll (D:11)
  2 hornets
  A slime creature (D:12)
  2 vampires (D:10)
  A wyvern (D:9)
  2 wraiths
  3 vampire mosquitoes (D:11)
  An orc warrior (D:7)
  A sky beast (D:7)
  2 black bears
  2 centaurs
  A kobold brigand (D:9)
  2 bullfrogs
  6 wights (D:8)
  13 killer bees
  2 electric eels (D:6)
  A howler monkey (D:7)
  A jelly (D:7)
  2 iguanas
  3 orc wizards
  2 gnolls (D:6)
  6 orcs (D:7)
  3 goblins (D:6)
  2 hobgoblins (D:6)
  A kobold (D:6)
66 creatures vanquished.

Vanquished Creatures (others)
  A sky beast (D:6)
  3 knights
  An orc (D:6)
  A kobold (D:6)
  18 plants
24 creatures vanquished.

Grand Total: 314 creatures vanquished

Notes
Turn   | Place    | Note
-------+----------+-------------------------------------------
     0 | D:1      | sanboga the Minotaur Monk began the quest for the Orb.
     0 | D:1      | Reached XP level 1. HP: 19/19 MP: 0/0
   301 | D:1      | Reached skill level 4 in Axes
   315 | D:1      | Reached XP level 2. HP: 27/27 MP: 1/1
   406 | D:1      | Reached skill level 1 in Armour
   721 | D:2      | Found Nahibrum's Jewellery Shop.
   724 | D:2      | Found Necorr's Antique Armour Emporium.
   841 | D:2      | Reached XP level 3. HP: 33/33 MP: 2/2
  1114 | D:2      | Found a faded altar of an unknown god.
  1315 | D:2      | Bought a pair of boots for 117 gold pieces
  1366 | D:2      | Found a runed translucent door.
  1367 | D:2      | Noticed Crazy Yiuf
  1379 | D:2      | Killed Crazy Yiuf
  1380 | D:2      | Reached skill level 5 in Axes
  1380 | D:2      | Reached XP level 4. HP: 10/41 MP: 3/3
  1664 | D:2      | Found Hede's Book Boutique.
  2314 | D:3      | Reached XP level 5. HP: 14/47 MP: 4/4
  2315 | D:3      | HP: 1/47 [orc priest/divine providence (12)]
  2506 | D:3      | Reached skill level 6 in Axes
  2722 | D:3      | Found a sparkling altar of Nemelex Xobeh.
  2857 | D:4      | Noticed Eustachio
  2900 | D:4      | Killed Eustachio
  2901 | D:4      | Reached skill level 5 in Fighting
  2901 | D:4      | Reached XP level 6. HP: 17/56 MP: 5/5
  3990 | D:4      | Reached skill level 7 in Axes
  4083 | D:4      | Noticed Ijyb
  4097 | D:4      | Killed Ijyb
  4433 | D:5      | Entered Level 5 of the Dungeon
  4433 | D:5      | Noticed an ice beast
  4472 | D:4      | Killed an ice beast
  4473 | D:4      | Reached XP level 7. HP: 36/62 MP: 6/6
  4608 | D:5      | Identified the +1 buckler of the Tuna {Harm Drain rN+
                  | Dex+4}
  4630 | D:5      | Reached skill level 8 in Axes
  4677 | D:5      | Reached skill level 5 in Armour
  4937 | D:5      | Reached XP level 8. HP: 58/71 MP: 7/7
  5085 | D:4      | Reached skill level 1 in Shields
  5102 | D:4      | Reached skill level 9 in Axes
  5417 | D:5      | Found an opulent altar of Gozag.
  5466 | D:5      | Noticed Dowan
  5473 | D:5      | Noticed Duvessa
  5483 | D:5      | Killed Dowan
  5487 | D:5      | Killed Duvessa
  6464 | D:6      | Found a staircase to the Ecumenical Temple.
  6477 | Temple   | Entered the Ecumenical Temple
  6541 | Temple   | Became a worshipper of Hepliaklqana the Forgotten
  6541 | Temple   | Reached * piety under Hepliaklqana
  6541 | Temple   | Reached ** piety under Hepliaklqana
  6542 | Temple   | Remembered your ancestor Arnold Palmer as a knight
  6980 | D:6      | Reached skill level 10 in Axes
  7079 | D:6      | Found a snail-covered altar of Cheibriados.
  7806 | D:6      | Reached XP level 9. HP: 72/72 MP: 8/8
  8233 | D:2      | Bought a +4 ring of evasion for 396 gold pieces
  9003 | D:7      | Reached skill level 11 in Axes
  9042 | D:7      | Reached skill level 5 in Shields
  9737 | D:8      | Identified the +5 short sword of Disaster {freeze, Fragile
                  | Dex+5}
  9835 | D:8      | Found a blossoming altar of Fedhas.
  9854 | D:8      | Reached skill level 12 in Axes
  9854 | D:8      | Reached XP level 10. HP: 36/78 MP: 9/9
 10671 | D:9      | Reached *** piety under Hepliaklqana
 10675 | D:9      | Found a staircase to the Orcish Mines.
 11098 | D:9      | Paralysed by a hornet for 1 turns
 11319 | D:10     | Entered Level 10 of the Dungeon
 11325 | D:10     | Found Yvoreco's Magic Scroll Shop.
 11336 | D:10     | Bought a scroll of summoning for 123 gold pieces
 11371 | D:10     | Reached skill level 13 in Axes
 11996 | D:10     | Found a staircase to the Lair.
 12227 | D:10     | Reached skill level 10 in Fighting
 12243 | D:10     | Reached XP level 11. HP: 53/89 MP: 7/10
 12715 | D:10     | Reached **** piety under Hepliaklqana
 12813 | D:10     | You fall into a shaft and drop 3 floors!
 12872 | D:13     | Noticed a white ugly thing
 12886 | D:13     | Killed a white ugly thing
 12986 | D:12     | Noticed a boulder beetle
 12995 | D:12     | Noticed a green ugly thing
 12998 | D:12     | Killed a boulder beetle
 12999 | D:12     | Reached skill level 14 in Axes
 13243 | D:12     | Killed a green ugly thing
 13335 | D:10     | Found a radiant altar of Vehumet.
 13366 | D:10     | Noticed a two-headed ogre
 13380 | D:10     | Killed a two-headed ogre
 13705 | D:11     | Found Komon's Jewellery Emporium.
 13726 | D:11     | Noticed a green ugly thing
 13733 | D:11     | Killed a green ugly thing
 13734 | D:11     | Reached skill level 10 in Armour
 13799 | D:11     | Identified the +8 longbow of Foolhardiness {venom, Dex+3}
 14198 | D:11     | Found a runed translucent gate.
 14199 | D:11     | Found a runed translucent gate.
 14199 | D:11     | Noticed a ten-headed hydra
 14199 | D:11     | Noticed snek11's ghost (journeyman DECj)
 14200 | D:11     | Found a runed translucent gate.
 14200 | D:11     | Noticed a ten-headed hydra
 14526 | D:11     | Noticed a two-headed ogre
 14531 | D:11     | Killed a two-headed ogre
 14964 | D:12     | Noticed a vampire knight
 14965 | D:12     | Noticed a skeletal warrior
 14966 | D:12     | Noticed a boulder beetle
 14966 | D:12     | Noticed a deep elf pyromancer
 14966 | D:12     | Noticed a seven-headed hydra
 14984 | D:12     | Paralysed by something for 5 turns
 14985 | D:12     | Noticed Erolcha
 14995 | D:11     | Noticed a fire dragon
 14995 | D:11     | Noticed a cyan ugly thing
 14995 | D:11     | Noticed a two-headed ogre
 14996 | D:11     | Killed from afar by a fire dragon

Illustrated notes

Levels and vault maps discovered:
D:1:      minmay_arrival_diagonal_passages, layout_rooms, serial_bayou_pond_d,
          nrook_mini_vaults, chequers_serial_rivers_marsh
D:2:      layout_basic, chequers_ecumenical_altar_island, serial_shops, shop,
          nicolae_shop_crystal, nicolae_shop_advertising_works
          [nicolae_subvault_shop_adworks], uniq_crazy_yiuf_cottage
D:3:      layout_loops_ring, nemelex_xobeh_ov_fountains_minmay,
          grunt_decor_arrowhead
D:4:      layout_loops_corners, nicolae_zen_rock_garden, uniq_eustachio,
          uniq_ijyb
D:5:      layout_cave_pools, grunt_gozag_statues, uniq_duvessa
D:6:      minmay_goblin_kobold_castle, layout_loops_cross, slow_altar_2,
          minmay_temple_entry_offerings
D:7:      layout_loops_ring
D:8:      layout_cave_pools, fedhas_bush_and_centaur_altar, st_stairs_5,
          nicolae_figureground_sparkle
D:9:      layout_roguey, orc_0_dummy
D:10:     layout_basic, lemuel_coloured_pillars_altar, dpeg_oklobed_lair,
          special_room [special_room_bee], serial_shops,
          nicolae_shop_hallway_plus, corexii_leaking_fountain, minivault_10
D:11:     layout_cave_pods, gammafunk_ghost_hydra_chop, serial_shops,
          nicolae_shop_hallway_stairs, nzn_random_ring
D:12:     hourglass_vault, layout_cave_pools, serial_column_ruins,
          column_ruins_hut_ruined, column_ruins_columns_straight,
          column_ruins_corridor_T, column_ruins_columns_dead_end,
          column_ruins_grid_1, column_ruins_corridor_water,
          column_ruins_corridor_straight, uniq_erolcha
D:13:     layout_long_grid
Temple:   bh_familiar_temple

Skill      XL: |  1  2  3  4  5  6  7  8  9 10 11 |
---------------+----------------------------------+-----
Axes           | 4 5 6 7 8 10 12 13 14 | 14.9
Armour         | 1 2 3 4 5 6 8 9 10 | 10.4
Fighting       | 4 5 6 7 8 10 11 | 11.0
Shields        | 3 5 7 8 |  8.7
Dodging        | |  3.2
Stealth        | |  1.5

Action                   |  1- 3 |  4- 6 |  7- 9 | 10-12 || total
-------------------------+-------+-------+-------+-------++-------
Melee: Hand axe          |    92 |   162 |   318 |     4 ||   576
       Headbutt          |    13 |    35 |    69 |    29 ||   146
       Punch             |     1 |     1 |     4 |       ||     6
       Battleaxe         |       |       |       |    57 ||    57
       Executioner's axe |       |       |       |   113 ||   113
Invok: Ancestor Life: Kn |       |       |     1 |       ||     1
       Ancestor Identity |       |       |     1 |       ||     1
       Recall Ancestor   |       |       |     1 |     1 ||     2
Evoke: Wand              |       |     2 |    10 |     1 ||    13
  Use: Potion            |       |     3 |     2 |     3 ||     8
       Scroll            |       |     7 |     5 |     8 ||    20
 Stab: Confused          |       |       |     2 |       ||     2
       Distracted        |       |       |     2 |       ||     2
       Petrifying        |       |       |     1 |       ||     1
Armor: Robe              |     3 |       |       |       ||     3
       Plate armour      |    67 |   135 |   273 |   173 ||   648
       Skin              |       |       |       |     2 ||     2
Dodge: Dodged            |    25 |    40 |   158 |   159 ||   382
